 Dungeon Crawl Stone Soup version 0.27.1-2-g3b301248ec (webtiles) character file.

Game seed: 13031690788099168151

9 Sildred the Covered (level 2, -40/27 HPs)
             Began as a Minotaur Fighter on Oct 4, 2021.
             Engulfed by a cloud of flame (42 damage)
             ... on level 1 of the Dungeon.
             The game lasted 00:06:50 (133 turns).

Sildred the Covered (Minotaur Fighter)               Turns: 133, Time: 00:06:54

Health: -40/27     AC:  7    Str: 22    XL:     2   Next: 6%
Magic:  1/1        EV:  7    Int:  5    God:
Gold:   0          SH:  9    Dex:  9    Spells: 1/1 levels left

rFire    . . .     SeeInvis .   a - +0 flail
rCold    . . .     Faith    .   c - +0 kite shield
rNeg     . . .     Spirit   .   b - +0 scale mail
rPois    .         Reflect  .   (helmet restricted)
rElec    .         Harm     .   (no cloak)
rCorr    .         Rampage  .   (no gloves)
Will     .....                  (no boots)
Stlth    ..........             (no amulet)
HPRegen  0.09/turn              (no ring)
MPRegen  0.07/turn              (no ring)

@: no status effects
A: horns 2, retaliatory headbutt, strong 1
a: no special abilities


You were on level 1 of the Dungeon.
You visited 1 branch of the dungeon, and saw 1 of its levels.

Inventory:

Hand Weapons
 a - a +0 flail (weapon)
Armour
 b - a +0 scale mail (worn)
 c - a +0 kite shield (worn)
Potions
 d - a potion of might


   Skills:
 + Level 3.7 Fighting
 + Level 2.6 Maces & Flails
 + Level 3.9 Armour
 + Level 0.1 Dodging
 + Level 3.8 Shields


You had one spell level left.
You didn't know any spells.
Your spell library was empty.

Dungeon Overview and Level Annotations

Branches:
Dungeon (1/15)

Altars:


Innate Abilities, Weirdness & Mutations

You have a pair of horns on your head.
You reflexively headbutt those who attack you in melee.
Your muscles are strong. (Str +2)


Message History

Zot will find you in 5871 turns if you stay in this branch and explore no new floors.
There's nothing to close nearby.
There are no items here.
(D) Dungeon
Where to? (Enter - D:1 @ (x,y), ? - help)
Okay, then.
Unknown command.
You don't know any spells.
You don't know any spells.
You don't know any spells.
It was a potion of mutation.
You feel extremely strange.
You feel stronger.
A ball python comes into view.
The ball python moves out of view.
The ball python bites you but does no damage.
The ball python grabs you. The ball python constricts you.
You barely miss the ball python. You headbutt the ball python.
The ball python is severely wounded.
The ball python bites you. The ball python constricts you.
You closely miss the ball python.
The ball python is severely wounded.
You block the ball python's attack. The ball python constricts you.
The ball python bites you but does no damage.
The ball python constricts you.
You sock the ball python!
You kill the ball python!
A ball python comes into view.
The ball python hisses angrily.
As you read the scroll labelled VYICOT QIMPOR, it crumbles to dust.
The creatures around you are filled with an inner flame!
It was a scroll of immolation.
A rat comes into view.
You sock the ball python!
The ball python explodes!
The fiery explosion engulfs you!!
Ouch! That really hurt!
* * * LOW HITPOINT WARNING * * *
You are engulfed in blazing flames.
Ouch! That really hurt!
You die...

#..[..... ..# #........
###..###### #........
..........# #........
≈≈≈.≈≈≈≈≈.######........
≈≈≈.≈≈≈≈≈.#........†....
≈≈≈.≈≈≈≈≈.#.####........
≈≈≈.≈§§§≈.#.# #########
≈≈≈..§§@....#
.r...§§§≈..##
≈≈≈≈.≈≈≈≈.## ≈≈≈≈.≈≈≈≈.#
≈≈≈≈.≈≈≈≈.# ≈≈≈≈.≈≈≈≈..
...........#
####........


You could see a rat.

Vanquished Creatures
  2 bats (D:1)
  An endoplasm (D:1)
  A hobgoblin (D:1)
  2 jackals (D:1)
  2 ball pythons (D:1)
  A kobold (D:1)
9 creatures vanquished.

Notes
Turn   | Place    | Note
-------+----------+-------------------------------------------
     0 | D:1      | Sildred the Minotaur Fighter began the quest for the Orb.
     0 | D:1      | Reached XP level 1. HP: 19/19 MP: 0/0
    91 | D:1      | Reached XP level 2. HP: 21/27 MP: 1/1
   121 | D:1      | Gained mutation: Your muscles are strong. (Str +2) [potion
                  | of mutation]
   133 | D:1      | Engulfed by a cloud of flame

Illustrated notes

Levels and vault maps discovered:
D:1:      elethiomel_arrival_shortcut, layout_rooms, minivault_14

Action                   || total
-------------------------++-------
Melee: Flail             ||    26
       Headbutt          ||     2
  Use: Scroll            ||     1
       Potion            ||     1
Armor: Scale mail        ||    16
Dodge: Dodged            ||    12
Block: Kite shield       ||    19
